TOP OF THE 1ST |
University of Arizona Wildcats batting - Pitching for University of North Carolina at Chapel Hill Tar Heels : LHP Francisco Guerra
|
Pitching: LHP Francisco Guerra
|
|
Batting: RHB Eddy Amaya
|
0-0: Ball 1-0: Ball 2-0: Swinging Strike 2-1: Called Strike 2-2: Strikes out swinging
|
Batting: LHB Pascal Noël
|
0-0: Called Strike 0-1: Ball 1-1: Foul Ball, location: 2F 1-2: Ball 2-2: Fly out, F8 (Flyball, 89M, EV 92.5 MPH)
|
Batting: RHB C.J. Wells
|
0-0: Ball 1-0: Ball 2-0: Foul Ball, location: 2F 2-1: Called Strike 2-2: Ball 3-2: Base on Balls
|
Batting: SHB George Grace
|
0-0: Ball 1-0: Ball 2-0: Called Strike 2-1: Ground out 4-3 (Groundball, 4, EV 90.6 MPH)
|
Top of the 1st over - 0 runs, 0 hits, 0 errors, 1 left on base; University of Arizona 0 - University of North Carolina at Chapel Hill 0 |
BOTTOM OF THE 1ST |
University of North Carolina at Chapel Hill Tar Heels batting - Pitching for University of Arizona Wildcats : RHP Ivan Baltodano
|
Pitching: RHP Ivan Baltodano
|
|
Batting: LHB Ron de Vos
|
0-0: Called Strike 0-1: Ground out 1-3 (Groundball, 25, EV 73.8 MPH)
|
Batting: RHB Juan Mejia
|
0-0: Ball 1-0: Foul Ball, location: 2F 1-1: Ball 2-1: Ball 3-1: Swinging Strike 3-2: Base on Balls
|
Batting: RHB Jonathan Winkler
|
0-0: Called Strike 0-1: SINGLE (Groundball, 4MD, EV 105.0 MPH) (infield hit) Juan Mejia to second
|
Batting: RHB Jeremy Rollins
|
0-0: Ball 1-0: Swinging Strike 1-1: Ball 2-1: Ball 3-1: Foul Ball, location: 2F 3-2: Fly out, F7 (Line Drive, 78M, EV 91.2 MPH)
|
Batting: RHB Paul Holland
|
0-0: Ground out 4-3 (Groundball, 4S, EV 63.8 MPH)
|
Bottom of the 1st over - 0 runs, 1 hit, 0 errors, 2 left on base; University of Arizona 0 - University of North Carolina at Chapel Hill 0 |
TOP OF THE 2ND |
University of Arizona Wildcats batting - Pitching for University of North Carolina at Chapel Hill Tar Heels : LHP Francisco Guerra
|
Batting: RHB Teddy Bonaddio
|
0-0: Ball 1-0: Ball 2-0: Swinging Strike 2-1: Ball 3-1: Ground out U3 (Groundball, 34, EV 99.4 MPH)
|
Batting: RHB Alejandro de Jesus
|
0-0: Swinging Strike 0-1: Fly out, F7 (Line Drive, 7, EV 89.4 MPH)
|
Batting: LHB Jere Paatelainen
|
0-0: Called Strike 0-1: Ball 1-1: Ball 2-1: Ball 3-1: Base on Balls
|
Batting: RHB Victor Garcia
|
0-0: Ball 1-0: Foul Ball, location: 2F 1-1: Fielders Choice at 2nd, 6-4 (Groundball, 6, EV 99.4 MPH)
|
Top of the 2nd over - 0 runs, 0 hits, 0 errors, 1 left on base; University of Arizona 0 - University of North Carolina at Chapel Hill 0 |
BOTTOM OF THE 2ND |
University of North Carolina at Chapel Hill Tar Heels batting - Pitching for University of Arizona Wildcats : RHP Ivan Baltodano
|
Batting: RHB Brandon Wilson
|
0-0: Ball 1-0: Foul Ball, location: 2F 1-1: Ball 2-1: Foul Ball, location: 2F 2-2: Foul Ball, location: 2F 2-2: DOUBLE (Line Drive, 78M, EV 105.0 MPH)
|
Batting: RHB Bill Atley
|
0-0: Ground out 4-3 (Groundball, 4, EV 81.2 MPH) Brandon Wilson to third
|
Batting: SHB Rob Haney
|
0-0: Called Strike 0-1: Ball 1-1: Called Strike 1-2: Strikes out swinging
|
Batting: RHB James Bickel
|
0-0: Ball 1-0: Ground out 6-3 (Groundball, 6D, EV 100.0 MPH)
|
Bottom of the 2nd over - 0 runs, 1 hit, 0 errors, 1 left on base; University of Arizona 0 - University of North Carolina at Chapel Hill 0 |
TOP OF THE 3RD |
University of Arizona Wildcats batting - Pitching for University of North Carolina at Chapel Hill Tar Heels : LHP Francisco Guerra
|
Batting: RHB Josh Carpenter
|
0-0: Called Strike 0-1: Ball 1-1: SINGLE (Groundball, 4D, EV 101.2 MPH)
|
Batting: RHB Eddy Amaya
|
0-0: Ball 1-0: Foul Ball, location: 2F 1-1: Grounds into double play, 6-4-3 (Groundball, 6, EV 100.6 MPH)
|
Batting: LHB Pascal Noël
|
0-0: Ground out 5-3 (Groundball, 56S, EV 82.5 MPH)
|
Top of the 3rd over - 0 runs, 1 hit, 0 errors, 0 left on base; University of Arizona 0 - University of North Carolina at Chapel Hill 0 |
BOTTOM OF THE 3RD |
University of North Carolina at Chapel Hill Tar Heels batting - Pitching for University of Arizona Wildcats : RHP Ivan Baltodano
|
Batting: LHB Ron de Vos
|
0-0: Called Strike 0-1: Ball 1-1: Called Strike 1-2: Ball 2-2: Foul Ball, location: 2F 2-2: Foul Ball, location: 2F 2-2: Strikes out looking
|
Batting: RHB Juan Mejia
|
0-0: Ball 1-0: Ball 2-0: Ball 3-0: Base on Balls
|
Batting: RHB Jonathan Winkler
|
0-0: Called Strike 0-1: Foul Ball, location: 2F 0-2: Ball 1-2: Grounds into double play, 6-4-3 (Groundball, 6, EV 86.9 MPH)
|
Bottom of the 3rd over - 0 runs, 0 hits, 0 errors, 0 left on base; University of Arizona 0 - University of North Carolina at Chapel Hill 0 |
TOP OF THE 4TH |
University of Arizona Wildcats batting - Pitching for University of North Carolina at Chapel Hill Tar Heels : LHP Francisco Guerra
|
Batting: RHB C.J. Wells
|
0-0: Foul Ball, location: 2F 0-1: Foul Ball, location: 2F 0-2: Strikes out swinging
|
Batting: SHB George Grace
|
0-0: Ball 1-0: Foul Ball, location: 2F 1-1: Called Strike 1-2: Foul Ball, location: 2F 1-2: Foul Ball, location: 2F 1-2: Fly out, F8 (Flyball, 8RD, EV 100.0 MPH)
|
Batting: RHB Teddy Bonaddio
|
0-0: Swinging Strike 0-1: Ball 1-1: Ball 2-1: Ball 3-1: Swinging Strike 3-2: Ground out 4-3 (Groundball, 4, EV 83.1 MPH)
|
Top of the 4th over - 0 runs, 0 hits, 0 errors, 0 left on base; University of Arizona 0 - University of North Carolina at Chapel Hill 0 |
BOTTOM OF THE 4TH |
University of North Carolina at Chapel Hill Tar Heels batting - Pitching for University of Arizona Wildcats : RHP Ivan Baltodano
|
Batting: RHB Jeremy Rollins
|
0-0: Called Strike 0-1: Ball 1-1: Ground out 4-3 (Groundball, 4MS, EV 85.0 MPH)
|
Batting: RHB Paul Holland
|
0-0: Ball 1-0: Ball 2-0: Ball 3-0: Base on Balls
|
Batting: RHB Brandon Wilson
|
0-0: Ball 1-0: Ball 2-0: Called Strike 2-1: Ball 3-1: Foul Ball, location: 2F 3-2: Base on Balls Paul Holland to second
|
Batting: RHB Bill Atley
|
0-0: Called Strike 0-1: Called Strike 0-2: Foul Ball, location: 2F 0-2: Strikes out looking
|
Batting: SHB Rob Haney
|
0-0: Called Strike 0-1: Ball 1-1: Foul Ball, location: 2F 1-2: Foul Ball, location: 2F 1-2: Strikes out swinging
|
Bottom of the 4th over - 0 runs, 0 hits, 0 errors, 2 left on base; University of Arizona 0 - University of North Carolina at Chapel Hill 0 |
TOP OF THE 5TH |
University of Arizona Wildcats batting - Pitching for University of North Carolina at Chapel Hill Tar Heels : LHP Francisco Guerra
|
Batting: RHB Alejandro de Jesus
|
0-0: Called Strike 0-1: Ball 1-1: Called Strike 1-2: Ball 2-2: Foul Ball, location: 2F 2-2: Ball 3-2: Fly out, F9 (Flyball, 89D, EV 105.0 MPH)
|
Batting: LHB Jere Paatelainen
|
0-0: Ball 1-0: Swinging Strike 1-1: Swinging Strike 1-2: SINGLE (Flyball, 89S, EV 93.8 MPH)
|
Batting: RHB Victor Garcia
|
0-0: Called Strike 0-1: Ball 1-1: Ball 2-1: Foul Ball, location: 2F 2-2: DOUBLE (Line Drive, 3D, EV 95.0 MPH) Jere Paatelainen to third
|
Batting: RHB Josh Carpenter
|
0-0: Ball 1-0: Ball 2-0: Called Strike 2-1: Foul Ball, location: 2F 2-2: Ball 3-2: Foul Ball, location: 2F 3-2: Foul Ball, location: 2F 3-2: Foul Ball, location: 2F 3-2: Base on Balls
|
Pitching: RHP Didier Pages
|
|
Batting: RHB Eddy Amaya
|
0-0: Ball 1-0: Called Strike 1-1: Swinging Strike 1-2: Strikes out looking
|
Batting: LHB Pascal Noël
|
0-0: Fly out, F2 (Popup, 2RF, EV 79.4 MPH)
|
Top of the 5th over - 0 runs, 2 hits, 0 errors, 3 left on base; University of Arizona 0 - University of North Carolina at Chapel Hill 0 |
BOTTOM OF THE 5TH |
University of North Carolina at Chapel Hill Tar Heels batting - Pitching for University of Arizona Wildcats : RHP Ivan Baltodano
|
Batting: RHB James Bickel
|
0-0: Ball 1-0: Called Strike 1-1: Fly out, F4 (Popup, 4S, EV 74.4 MPH)
|
Batting: LHB Ron de Vos
|
0-0: Ball 1-0: Fly out, F7 (Line Drive, 7, EV 91.2 MPH)
|
Batting: RHB Juan Mejia
|
0-0: Ground out 4-3 (Groundball, 4, EV 90.6 MPH)
|
Bottom of the 5th over - 0 runs, 0 hits, 0 errors, 0 left on base; University of Arizona 0 - University of North Carolina at Chapel Hill 0 |
TOP OF THE 6TH |
University of Arizona Wildcats batting - Pitching for University of North Carolina at Chapel Hill Tar Heels : RHP Didier Pages
|
Batting: RHB C.J. Wells
|
0-0: Ball 1-0: Ball 2-0: Ball 3-0: Base on Balls
|
Batting: SHB George Grace
|
0-0: Foul Ball, location: 2F 0-1: Ball 1-1: Called Strike 1-2: Foul Ball, location: 2F 1-2: Foul Ball, location: 2F 1-2: Foul Ball, location: 2F 1-2: Ball 2-2: Ball 3-2: Grounds into double play, 1-6-3 (Groundball, 13, EV 72.5 MPH)
|
Batting: LHB Andrew Davis
|
0-0: Ball 1-0: Swinging Strike 1-1: Called Strike 1-2: Strikes out looking
|
Top of the 6th over - 0 runs, 0 hits, 0 errors, 0 left on base; University of Arizona 0 - University of North Carolina at Chapel Hill 0 |
BOTTOM OF THE 6TH |
University of North Carolina at Chapel Hill Tar Heels batting - Pitching for University of Arizona Wildcats : RHP Ivan Baltodano
|
Batting: RHB Jonathan Winkler
|
0-0: Foul Ball, location: 2F 0-1: Called Strike 0-2: Strikes out swinging
|
Batting: RHB Jeremy Rollins
|
0-0: Ball 1-0: Ball 2-0: Ball 3-0: Foul Ball, location: 2F 3-1: Fly out, F7 (Flyball, 7S, EV 79.4 MPH)
|
Batting: RHB Paul Holland
|
0-0: Called Strike 0-1: Fly out, F8 (Flyball, 78M, EV 89.4 MPH)
|
Bottom of the 6th over - 0 runs, 0 hits, 0 errors, 0 left on base; University of Arizona 0 - University of North Carolina at Chapel Hill 0 |
TOP OF THE 7TH |
University of Arizona Wildcats batting - Pitching for University of North Carolina at Chapel Hill Tar Heels : RHP Didier Pages
|
Pitching: RHP Vince Sumpter
|
|
Batting: RHB Alejandro de Jesus
|
0-0: Ball 1-0: Ball 2-0: Called Strike 2-1: Called Strike 2-2: Ground out 4-3 (Groundball, 4M, EV 102.5 MPH)
|
Batting: LHB Jere Paatelainen
|
0-0: Ball 1-0: Ball 2-0: Called Strike 2-1: Ball 3-1: Foul Ball, location: 2F 3-2: Base on Balls
|
Batting: RHB Victor Garcia
|
0-0: Ball 1-0: Ball Jere Paatelainen steals 2nd base 2-0: Fly out, F7 (Flyball, 78M, EV 79.4 MPH)
|
Pinch Hitting: RHB Ron Dondale
|
0-0: Called Strike 0-1: Foul Ball, location: 2F 0-2: Fly out, F7 (Flyball, 78S, EV 86.9 MPH)
|
Top of the 7th over - 0 runs, 0 hits, 0 errors, 1 left on base; University of Arizona 0 - University of North Carolina at Chapel Hill 0 |
BOTTOM OF THE 7TH |
University of North Carolina at Chapel Hill Tar Heels batting - Pitching for University of Arizona Wildcats : RHP Ivan Baltodano
|
Pitching: RHP Andy Darnell
|
|
Now in RF: Lihau Keawe
|
|
Batting: RHB Brandon Wilson
|
0-0: Foul Ball, location: 2F 0-1: Fly out, F8 (Flyball, 8LD, EV 97.5 MPH)
|
Batting: RHB Bill Atley
|
0-0: SINGLE (Line Drive, 89S, EV 102.5 MPH)
|
Batting: SHB Rob Haney
|
0-0: Ball 1-0: Ball 2-0: SINGLE (Line Drive, 6MD, EV 98.1 MPH) Bill Atley to second
|
Batting: RHB James Bickel
|
0-0: Ball 1-0: Swinging Strike 1-1: Swinging Strike 1-2: Ball 2-2: Foul Ball, location: 2F 2-2: Strikes out looking
|
Batting: LHB Ron de Vos
|
0-0: Called Strike 0-1: Ball 1-1: Swinging Strike 1-2: Fly out, F8 (Flyball, 8RD, EV 85.6 MPH)
|
Bottom of the 7th over - 0 runs, 2 hits, 0 errors, 2 left on base; University of Arizona 0 - University of North Carolina at Chapel Hill 0 |
TOP OF THE 8TH |
University of Arizona Wildcats batting - Pitching for University of North Carolina at Chapel Hill Tar Heels : RHP Vince Sumpter
|
Pitching: RHP Ted Hurley
|
|
Batting: RHB Eddy Amaya
|
0-0: Called Strike 0-1: Ball 1-1: Foul Ball, location: 2F 1-2: Foul Ball, location: 2F 1-2: Foul Ball, location: 2F 1-2: Ball 2-2: Ball 3-2: Ground out 6-3 (Groundball, 6, EV 99.4 MPH)
|
Batting: LHB Pascal Noël
|
0-0: Ball 1-0: Ball 2-0: SINGLE (Groundball, 4MD, EV 103.1 MPH)
|
Batting: RHB C.J. Wells
|
0-0: Ball 1-0: Ball 2-0: Called Strike 2-1: Ball 3-1: Swinging Strike 3-2: Foul Ball, location: 2F 3-2: Foul Ball, location: 2F 3-2: Fly out, F3 (Popup, 23F, EV 88.8 MPH)
|
Batting: SHB George Grace
|
0-0: Swinging Strike 0-1: Ball Pascal Noël is caught stealing 2nd base 2-6
|
Top of the 8th over - 0 runs, 1 hit, 0 errors, 0 left on base; University of Arizona 0 - University of North Carolina at Chapel Hill 0 |
BOTTOM OF THE 8TH |
University of North Carolina at Chapel Hill Tar Heels batting - Pitching for University of Arizona Wildcats : RHP Andy Darnell
|
Pitching: LHP Armando Guzman
|
|
Batting: RHB Juan Mejia
|
0-0: Ball 1-0: Swinging Strike 1-1: Foul Ball, location: 2F 1-2: Fly out, F7 (Flyball, 78XD, EV 106.9 MPH)
|
Batting: RHB Jonathan Winkler
|
0-0: Foul Ball, location: 2F 0-1: Ball 1-1: Swinging Strike 1-2: Foul Ball, location: 2F 1-2: Ball 2-2: Ball 3-2: Base on Balls
|
Batting: RHB Jeremy Rollins
|
0-0: Ball 1-0: Fly out, F8 (Flyball, 78S, EV 92.5 MPH)
|
Batting: SHB Tom Auld
|
0-0: Ball 1-0: Called Strike 1-1: Ball 2-1: SINGLE (Groundball, 6D, EV 104.4 MPH) Jonathan Winkler to second Runner from 2nd tries for 3rd, SAFE, throw by CF made to third
|
Pitching: RHP Jimmy Serna
|
|
Batting: RHB Brandon Wilson
|
0-0: Ball 1-0: Ball 2-0: Foul Ball, location: 2F 2-1: Ball 3-1: Fielders Choice at 2nd, 5-4 (Groundball, 5, EV 81.9 MPH)
|
Bottom of the 8th over - 0 runs, 1 hit, 0 errors, 2 left on base; University of Arizona 0 - University of North Carolina at Chapel Hill 0 |
TOP OF THE 9TH |
University of Arizona Wildcats batting - Pitching for University of North Carolina at Chapel Hill Tar Heels : RHP Ted Hurley
|
Pitching: RHP Berry Dow
|
|
Batting: SHB George Grace
|
0-0: Swinging Strike 0-1: Called Strike 0-2: Ball 1-2: Foul Ball, location: 2F 1-2: Strikes out looking
|
Batting: LHB Andrew Davis
|
0-0: Called Strike 0-1: Ball 1-1: Foul Ball, location: 2F 1-2: Ball 2-2: Ball 3-2: Ground out 6-3 (Groundball, 6, EV 81.9 MPH)
|
Batting: RHB Alejandro de Jesus
|
0-0: Ball 1-0: Ball 2-0: Ball 3-0: Called Strike 3-1: Called Strike 3-2: Foul Ball, location: 2F 3-2: Foul Ball, location: 2F 3-2: Strikes out looking
|
Top of the 9th over - 0 runs, 0 hits, 0 errors, 0 left on base; University of Arizona 0 - University of North Carolina at Chapel Hill 0 |
BOTTOM OF THE 9TH |
University of North Carolina at Chapel Hill Tar Heels batting - Pitching for University of Arizona Wildcats : RHP Jimmy Serna
|
Pitching: RHP Chris Obloy
|
|
Batting: RHB Bill Atley
|
0-0: Called Strike 0-1: Called Strike 0-2: SOLO HOME RUN (Flyball, 7D, EV 98.1 MPH), Distance : 386 ft
|
Bottom of the 9th over - 1 run, 1 hit, 0 errors, 0 left on base; University of Arizona 0 - University of North Carolina at Chapel Hill 1 |
|